Jets vs Oilers (R1)

Created - December 12, 2021 at 09:16

Goals
1 2 3 T
Jets 0 1 0 1
Oilers 0 2 1 3
Shots
1 2 3 T
Jets 12 5 13 30
Oilers 6 15 6 27

1st period

No Goal

Penalties :
Yanni Gourde (Edm) for Cross-checking (Minor) at 3:54, Adam Larsson (Edm) for Interference (Minor) at 8:44, Darnell Nurse (Edm) for Hooking (Minor) at 19:52

2nd period

1. Oilers , Kasperi Kapanen 1 (Anton Slepyshev 1, Frederik Gauthier 1) at 11:54
2. Oilers , Nail Yakupov 1 (Shea Weber 2, Leon Draisaitl 2) at 17:11
3. Jets , Nino Niederreiter 4 (Ryan Johansen 6) at 19:48

Penalties :
Adam Larsson (Edm) for Cross-checking (Minor) at 9:39, Connor McDavid (Edm) for Hooking (Minor) at 12:34

3rd period

4. Oilers , Ryan O'Reilly 4 (Taylor Hall 2, Rasmus Ristolainen 1) at 15:10 (PP)

Penalties :
Leon Draisaitl (Edm) for Tripping (Minor) at 1:10, Alexander Radulov (Win) for Tripping (Minor) at 14:44, Yanni Gourde (Edm) for Holding (Minor) at 16:56

Goalie Stats

Jonathan Bernier (Win), 24 saves from 27 shots - (0.889), L, 0-1-0, 60:00 minutes
James Reimer (Edm), 29 saves from 30 shots - (0.967), W, 4-0-0, 60:00 minutes

Players Stats for Jets

Player Name              G  A  P  +/- PIM S  H  SB GA TA FO     MP     PP MP  PK MP  
------------------------------------------------------------------------------------
Adam Henrique            0  0  0  -1  0   1  2  0  0  0  3/5    22:10   7:55   0:00 
Alexander Radulov        0  0  0  -1  2   2  0  0  0  1  0/1    13:01   0:00   0:00 
Corey Perry              0  0  0  -1  0   4  0  1  0  0  0/2    22:03   7:55   0:00 
Derek Stepan             0  0  0  -1  0   1  1  1  0  1  11/20  20:50   5:58   0:00 
Dougie Hamilton          0  0  0   0  0   2  1  0  0  0  0/0    24:35   7:15   0:00 
Erik Haula               0  0  0  -1  0   3  0  2  0  0  2/3    13:16   0:00   0:26 
Jordan Martinook         0  0  0   0  0   0  1  0  1  0  0/0     7:43   0:00   0:00 
Marco Scandella          0  0  0  -1  0   3  4  0  0  1  0/0    24:38   6:10   0:26 
Marcus Johansson         0  0  0   1  0   2  1  0  0  0  0/1    17:44   5:58   0:00 
Michael Matheson         0  0  0   0  0   2  2  0  0  2  0/0    14:07   0:28   0:00 
Nikolaj Ehlers           0  0  0  -1  0   2  1  1  0  0  0/0    14:03   6:10   0:00 
Nino Niederreiter        1  0  1   1  0   4  1  0  1  0  0/0    17:26   5:58   0:00 
Noel Acciari             0  0  0   0  0   1  1  0  0  0  1/1     7:43   0:00   0:00 
Olli Maatta              0  0  0   0  0   0  1  0  0  1  0/0    13:23   0:00   0:26 
Robert Hagg              0  0  0   0  0   0  0  0  0  1  0/0    13:43   0:00   0:00 
Ronalds Kenins           0  0  0  -1  0   1  4  2  0  0  0/0    12:41   0:00   0:26 
Ryan Johansen            0  1  1   1  0   0  1  0  1  0  6/14   18:44   7:55   0:00 
Troy Stetcher            0  0  0   0  0   2  3  0  0  0  0/0    21:43   7:43   0:00 

Players Stats for Oilers

Player Name              G  A  P  +/- PIM S  H  SB GA TA FO     MP     PP MP  PK MP  
------------------------------------------------------------------------------------
Adam Larsson             0  0  0   0  4   0  1  1  0  0  0/0    19:40   0:00   4:33 
Anton Slepyshev          0  1  1   1  0   0  2  0  0  0  0/0     9:27   0:00   1:29 
Benoit Pouliot           0  0  0   0  0   0  2  1  0  1  0/0    17:27   0:00   4:44 
Connor McDavid           0  0  0   0  2   2  0  0  1  1  3/5    12:42   0:00   0:00 
Darnell Nurse            0  0  0   0  2   3  2  0  1  0  0/0    25:10   0:26   6:00 
Frederik Gauthier        0  1  1   1  0   1  0  0  0  0  0/3     7:51   0:00   0:00 
Jordan Eberle            0  0  0   0  0   2  1  0  0  0  1/1    21:20   0:26   7:17 
Kasperi Kapanen          1  0  1   1  0   2  1  0  0  0  0/0     7:51   0:00   0:00 
Leon Draisaitl           0  1  1   0  2   4  0  0  2  0  1/1    11:16   0:00   0:00 
Nail Yakupov             1  0  1   0  0   1  2  0  0  0  0/0    13:15   0:00   1:52 
Oscar Klefbom            0  0  0   1  0   0  0  1  0  0  0/0    12:52   0:00   0:56 
Pavel Buchnevich         0  0  0   0  0   1  2  0  1  0  1/1    12:37   0:00   0:00 
Rasmus Ristolainen       0  1  1   0  0   1  3  1  1  1  0/0    26:14   0:26   7:06 
Ryan O'Reilly            1  0  1   0  0   5  0  2  0  0  9/20   18:50   0:26   4:44 
Shea Weber               0  1  1   1  0   2  0  2  1  0  0/0    21:26   0:00   6:47 
Taylor Hall              0  1  1   0  0   2  1  1  0  0  7/10   22:25   0:26   7:40 
Tobias Enstrom           0  0  0   0  0   0  1  0  0  0  0/0    14:44   0:00   2:24 
Yanni Gourde             0  0  0   0  4   1  0  0  0  0  2/6    10:53   0:00   0:00 

3 Stars

1 - James Reimer (Edm)
2 - Kasperi Kapanen (Edm)
3 - Nail Yakupov (Edm)

Power Play

Jets - 0 on 7 Attempt(s) - 0.00%
Oilers - 1 on 1 Attempt(s) - 100.00%

Penalty Kill

Jets - 0 on 1 Attempt(s) - 0.00% - Score 0 goal in Penalty Kill
Oilers - 7 on 7 Attempt(s) - 100.00% - Score 0 goal in Penalty Kill

Team Stat

Jets - Hits : 24 - Faceoff Wins : 23 - Blocked Shots : 7 - Penalty Minutes : 2
Oilers - Hits : 18 - Faceoff Wins : 24 - Blocked Shots : 9 - Penalty Minutes : 14

Official

Referees : Dan Kelly and Graham Skilliter
Linesman : James Tobias and Mark Shewchyk

Game Notes

No Game Note

Finance

Level 1 -- Attendance: 5520 (92.00%) -- Ticket Income $552,000
Level 2 -- Attendance: 4681 (93.62%) -- Ticket Income $280,860
Level 3 -- Attendance: 2000 (100.00%) -- Ticket Income $70,000
Level 4 -- Attendance: 4000 (100.00%) -- Ticket Income $100,000
Luxury Box -- Attendance: 1000 (100.00%) -- Ticket Income $200,000
Game was played at the Rodgers Place.
Total Attendance: 17201 (95.56%)
Total Ticket Income: $1,202,860
Other Income: $180,429
Total Income: $1,383,289

Jets

5 vs 5 Forward 
   Center                   Left Wing                Right Wing               Time % Phy DF OF 
 1 Derek Stepan             Adam Henrique            Corey Perry              40     0   2  3  
 2 Ryan Johansen            Marcus Johansson         Nino Niederreiter        30     0   2  3  
 3 Erik Haula               Ronalds Kenins           Alexander Radulov        20     1   2  2  
 4 Noel Acciari             Jordan Martinook         Nikolaj Ehlers           10     1   2  2  

5 vs 5 Defense 
   Defense                  Defense                                           Time % Phy DF OF 
 1 Dougie Hamilton          Marco Scandella                                   40     1   2  2  
 2 Troy Stetcher            Robert Hagg                                       35     1   2  2  
 3 Michael Matheson         Olli Maatta                                       25     1   2  2  
 4 Troy Stetcher            Olli Maatta                                       0      1   2  2  

PowerPlay Forward 
   Center                   Left Wing                Right Wing               Time % Phy DF OF 
 1 Ryan Johansen            Adam Henrique            Corey Perry              60     0   0  5  
 2 Derek Stepan             Marcus Johansson         Nino Niederreiter        40     0   0  5  

PowerPlay Defense
   Defense                  Defense                                           Time % Phy DF OF 
 1 Dougie Hamilton          Troy Stetcher                                     60     0   1  4  
 2 Nikolaj Ehlers           Marco Scandella                                   40     0   1  4  

Penalty Kill 4 Players Forward 
   Center                   Wing                     Time % Phy DF OF 
 1 Erik Haula               Ronalds Kenins           60     0   4  1  
 2 Noel Acciari             Nino Niederreiter        40     0   4  1  

Penalty Kill 4 Players Defense
   Defense                  Defense                  Time % Phy DF OF 
 1 Marco Scandella          Olli Maatta              60     0   4  1  
 2 Dougie Hamilton          Robert Hagg              40     0   4  1  

Penalty Kill - 3 Players Forward 
   Forward                                           Time % Phy DF OF 
 1 Erik Haula                                        60     0   4  1  
 2 Nino Niederreiter                                 40     0   4  1  

Penalty Kill - 3 Players Defense
   Defense                  Defense                  Time % Phy DF OF 
 1 Marco Scandella          Dougie Hamilton          60     0   5  0  
 2 Olli Maatta              Robert Hagg              40     0   5  0  

4 vs 4 Forward 
   Center                   Wing                     Time % Phy DF OF 
 1 Ryan Johansen            Adam Henrique            60     1   2  2  
 2 Derek Stepan             Nino Niederreiter        40     1   2  2  

4 vs 4 Defense
   Defense                  Defense                  Time % Phy DF OF 
 1 Dougie Hamilton          Marco Scandella          60     1   2  2  
 2 Troy Stetcher            Robert Hagg              40     1   2  2  

Last Minutes Offensive
   Center                   Left Wing                Right Wing               Defense                  Defense                  
   Ryan Johansen            Adam Henrique            Nino Niederreiter        Dougie Hamilton          Troy Stetcher            

Last Minutes Defensive
   Center                   Left Wing                Right Wing               Defense                  Defense                  
   Erik Haula               Ronalds Kenins           Nino Niederreiter        Olli Maatta              Marco Scandella          

Goaltenders
Starting : Jonathan Bernier         
Backup : Jacob Markstrom          

Extra Forwards
Normal : Nikolaj Ehlers, Marcus Johansson, Erik Haula - PP : Nikolaj Ehlers, Erik Haula - PK : Ronalds Kenins
Extra Defensemen
Normal : Marco Scandella, Dougie Hamilton, Michael Matheson - PP : Michael Matheson - PK : Dougie Hamilton, Michael Matheson
Penalty Shots
Marcus Johansson, Corey Perry, Ryan Johansen, Erik Haula, Noel Acciari

Scratches
Tyler Myers (Back Injury)

Oilers

5 vs 5 Forward 
   Center                   Left Wing                Right Wing               Time % Phy DF OF 
 1 Ryan O'Reilly            Taylor Hall              Jordan Eberle            40     1   2  2  
 2 Connor McDavid           Benoit Pouliot           Pavel Buchnevich         30     1   2  2  
 3 Yanni Gourde             Leon Draisaitl           Nail Yakupov             20     1   2  2  
 4 Frederik Gauthier        Anton Slepyshev          Kasperi Kapanen          10     1   2  2  

5 vs 5 Defense 
   Defense                  Defense                                           Time % Phy DF OF 
 1 Rasmus Ristolainen       Darnell Nurse                                     40     1   2  2  
 2 Adam Larsson             Shea Weber                                        30     1   2  2  
 3 Oscar Klefbom            Tobias Enstrom                                    20     1   2  2  
 4 Rasmus Ristolainen       Darnell Nurse                                     10     1   2  2  

PowerPlay Forward 
   Center                   Left Wing                Right Wing               Time % Phy DF OF 
 1 Ryan O'Reilly            Taylor Hall              Jordan Eberle            60     1   2  2  
 2 Connor McDavid           Benoit Pouliot           Pavel Buchnevich         40     1   2  2  

PowerPlay Defense
   Defense                  Defense                                           Time % Phy DF OF 
 1 Rasmus Ristolainen       Darnell Nurse                                     60     1   2  2  
 2 Adam Larsson             Shea Weber                                        40     1   2  2  

Penalty Kill 4 Players Forward 
   Center                   Wing                     Time % Phy DF OF 
 1 Taylor Hall              Jordan Eberle            60     1   2  2  
 2 Ryan O'Reilly            Benoit Pouliot           40     1   2  2  

Penalty Kill 4 Players Defense
   Defense                  Defense                  Time % Phy DF OF 
 1 Rasmus Ristolainen       Darnell Nurse            60     1   2  2  
 2 Adam Larsson             Shea Weber               40     1   2  2  

Penalty Kill - 3 Players Forward 
   Forward                                           Time % Phy DF OF 
 1 Taylor Hall                                       60     1   2  2  
 2 Jordan Eberle                                     40     1   2  2  

Penalty Kill - 3 Players Defense
   Defense                  Defense                  Time % Phy DF OF 
 1 Rasmus Ristolainen       Darnell Nurse            60     1   2  2  
 2 Adam Larsson             Shea Weber               40     1   2  2  

4 vs 4 Forward 
   Center                   Wing                     Time % Phy DF OF 
 1 Taylor Hall              Jordan Eberle            60     1   2  2  
 2 Ryan O'Reilly            Benoit Pouliot           40     1   2  2  

4 vs 4 Defense
   Defense                  Defense                  Time % Phy DF OF 
 1 Rasmus Ristolainen       Darnell Nurse            60     1   2  2  
 2 Adam Larsson             Shea Weber               40     1   2  2  

Last Minutes Offensive
   Center                   Left Wing                Right Wing               Defense                  Defense                  
   Ryan O'Reilly            Taylor Hall              Jordan Eberle            Rasmus Ristolainen       Darnell Nurse            

Last Minutes Defensive
   Center                   Left Wing                Right Wing               Defense                  Defense                  
   Ryan O'Reilly            Taylor Hall              Jordan Eberle            Rasmus Ristolainen       Darnell Nurse            

Goaltenders
Starting : James Reimer             
Backup : Jonas Hiller             

Extra Forwards
Normal : Leon Draisaitl, Yanni Gourde, Nail Yakupov - PP : Leon Draisaitl, Yanni Gourde - PK : Nail Yakupov
Extra Defensemen
Normal : Oscar Klefbom, Tobias Enstrom, Adam Larsson - PP : Oscar Klefbom - PK : Tobias Enstrom, Adam Larsson
Penalty Shots
Taylor Hall, Jordan Eberle, Ryan O'Reilly, Benoit Pouliot, Connor McDavid

Scratches
Duncan Keith (Healthy), Jordan Caron (Healthy)

% Time on Ice - Jets

Lines # - Real PCT - Wanted PCT - Time Play
Normal Forward
1 - 31% - 40% - 14:15
2 - 25% - 30% - 11:28
3 - 27% - 20% - 12:15
4 - 17% - 10% - 7:43
Normal Defense
1 - 38% - 40% - 17:20
2 - 34% - 35% - 15:24
3 - 28% - 25% - 12:54
4 - 0% - 0% - 0:03
PP Forward
1 - 57% - 60% - 7:55
2 - 43% - 40% - 5:58
PP Defense
1 - 56% - 60% - 7:43
2 - 44% - 40% - 6:10
PK Forward
1 - 100% - 60% - 0:26
2 - 0% - 40% - 0:00
PK Defense
1 - 100% - 60% - 0:26
2 - 0% - 40% - 0:00
PK3 Forward
1 - 0% - 60%
2 - 0% - 40%
PK3 Defense
1 - 0% - 60%
2 - 0% - 40%
44 Forward
1 - 0% - 60%
2 - 0% - 40%
44 Defense
1 - 0% - 60%
2 - 0% - 40%
Last Minute Offensive  - 0:00
Last Minute Defensive  - 0:00
Total
Forward - 60:00
Defense - 60:00

% Time on Ice - Oilers

Lines # - Real PCT - Wanted PCT - Time Play
Normal Forward
1 - 33% - 40% - 15:00
2 - 28% - 30% - 12:43
3 - 22% - 20% - 10:07
4 - 17% - 10% - 7:51
Normal Defense
1 - 39% - 40% - 17:53
2 - 34% - 30% - 15:34
3 - 25% - 20% - 11:25
4 - 2% - 10% - 0:49
PP Forward
1 - 100% - 60% - 0:26
2 - 0% - 40% - 0:00
PP Defense
1 - 100% - 60% - 0:26
2 - 0% - 40% - 0:00
PK Forward
1 - 66% - 60% - 9:09
2 - 34% - 40% - 4:44
PK Defense
1 - 51% - 60% - 7:06
2 - 49% - 40% - 6:47
PK3 Forward
1 - 0% - 60%
2 - 0% - 40%
PK3 Defense
1 - 0% - 60%
2 - 0% - 40%
44 Forward
1 - 0% - 60%
2 - 0% - 40%
44 Defense
1 - 0% - 60%
2 - 0% - 40%
Last Minute Offensive  - 0:00
Last Minute Defensive  - 0:00
Total
Forward - 60:00
Defense - 60:00

Play-by-Play

1st period


0:01 of 1st period - Derek Stepan wins face-off versus Ryan O'Reilly in neutral zone.
0:04 of 1st period - Wrist shot by Corey Perry.
0:04 of 1st period - Stopped by James Reimer with a rebound.
0:06 of 1st period - Slapshot by Marco Scandella.
0:06 of 1st period - Stopped by James Reimer with a rebound.
0:08 of 1st period - Snap shot by Derek Stepan.
0:08 of 1st period - Deflect By Corey Perry.
0:08 of 1st period - Shot Blocked by Ryan O'Reilly.
0:08 of 1st period - Puck is out of play.
0:09 of 1st period - Ryan O'Reilly wins face-off versus Adam Henrique in Oilers zone.
0:09 of 1st period - Ryan O'Reilly is hit by Marco Scandella.
0:27 of 1st period - Wrist shot by Corey Perry.
0:27 of 1st period - Stopped by James Reimer with a rebound.
0:43 of 1st period - Snap shot by Derek Stepan.
0:43 of 1st period - Stopped by James Reimer with a rebound.
0:45 of 1st period - Slapshot by Dougie Hamilton.
0:45 of 1st period - Deflect By Derek Stepan.
0:45 of 1st period - Shot Misses the Net.
0:45 of 1st period - Puck is out of play.
0:46 of 1st period - Connor McDavid wins face-off versus Ryan Johansen in Oilers zone.
0:51 of 1st period - Marcus Johansson is hit by Benoit Pouliot and loses puck.
1:12 of 1st period - Shea Weber is hit by Troy Stetcher.
1:22 of 1st period - Wrist shot by Leon Draisaitl.
1:22 of 1st period - Stopped by Jonathan Bernier without a rebound.
1:23 of 1st period - Noel Acciari wins face-off versus Frederik Gauthier in Jets zone.
1:37 of 1st period - Snap shot by Noel Acciari.
1:37 of 1st period - Stopped by James Reimer with a rebound.
1:49 of 1st period - Connor McDavid is hit by Olli Maatta and loses puck.
1:56 of 1st period - Snap shot by Marcus Johansson.
1:56 of 1st period - Shot Blocked by Benoit Pouliot.
1:58 of 1st period - Slapshot by Michael Matheson.
1:58 of 1st period - Stopped by James Reimer with a rebound.
2:00 of 1st period - Slapshot by Olli Maatta.
2:00 of 1st period - Deflect By Nino Niederreiter.
2:00 of 1st period - Shot Misses the Net.
2:00 of 1st period - Puck is out of play.
2:01 of 1st period - Yanni Gourde wins face-off versus Alexander Radulov in Oilers zone.
2:01 of 1st period - Yanni Gourde is hit by Ronalds Kenins.
2:09 of 1st period - Slapshot by Rasmus Ristolainen.
2:09 of 1st period - Shot Blocked by Erik Haula.
2:11 of 1st period - Slapshot by Darnell Nurse.
2:11 of 1st period - Stopped by Jonathan Bernier with a rebound.
2:13 of 1st period - Wrist shot by Yanni Gourde.
2:13 of 1st period - Shot Misses the Net.
2:15 of 1st period - Slapshot by Darnell Nurse.
2:15 of 1st period - Stopped by Jonathan Bernier with a rebound.
3:54 of 1st period - Minor Penalty to Yanni Gourde for Cross-checking.
3:55 of 1st period - Taylor Hall wins face-off versus Adam Henrique in Oilers zone.
4:30 of 1st period - Ryan O'Reilly is hit by Nino Niederreiter and loses puck.
5:26 of 1st period - Ryan Johansen is hit by Anton Slepyshev and loses puck.
5:54 of 1st period - Penalty to Yanni Gourde is over, Yanni Gourde is back on ice.
6:54 of 1st period - Pavel Buchnevich is hit by Derek Stepan and loses puck.
7:56 of 1st period - Frederik Gauthier is hit by Ronalds Kenins.
8:44 of 1st period - Minor Penalty to Adam Larsson for Interference.
8:45 of 1st period - Taylor Hall wins face-off versus Corey Perry in Oilers zone.
10:44 of 1st period - Penalty to Adam Larsson is over, Adam Larsson is back on ice.
12:26 of 1st period - Erik Haula is hit by Darnell Nurse and loses puck.
13:05 of 1st period - Anton Slepyshev is hit by Nikolaj Ehlers and loses puck.
13:59 of 1st period - Wrist shot by Pavel Buchnevich.
13:59 of 1st period - Stopped by Jonathan Bernier with a rebound.
14:01 of 1st period - Slapshot by Shea Weber.
14:01 of 1st period - Shot Blocked by Nikolaj Ehlers.
14:20 of 1st period - Troy Stetcher is hit by Benoit Pouliot and loses puck.
14:27 of 1st period - Tobias Enstrom is hit by Noel Acciari.
14:37 of 1st period - Snap shot by Nikolaj Ehlers.
14:37 of 1st period - Stopped by James Reimer with a rebound.
14:52 of 1st period - Icing by Benoit Pouliot.
14:53 of 1st period - Connor McDavid wins face-off versus Derek Stepan in Oilers zone.
15:04 of 1st period - Wrist shot by Troy Stetcher.
15:04 of 1st period - Shot Misses the Net.
15:06 of 1st period - Slapshot by Troy Stetcher.
15:06 of 1st period - Stopped by James Reimer without a rebound.
15:07 of 1st period - Adam Henrique wins face-off versus Ryan O'Reilly in Oilers zone.
15:18 of 1st period - Wrist shot by Derek Stepan.
15:18 of 1st period - Shot Misses the Net.
15:20 of 1st period - Slapshot by Corey Perry.
15:20 of 1st period - Shot Blocked by Ryan O'Reilly.
15:22 of 1st period - Slapshot by Marco Scandella.
15:22 of 1st period - Stopped by James Reimer with a rebound.
15:24 of 1st period - Snap shot by Corey Perry.
15:24 of 1st period - Shot Blocked by Rasmus Ristolainen.
16:07 of 1st period - Wrist shot by Kasperi Kapanen.
16:07 of 1st period - Stopped by Jonathan Bernier with a rebound.
16:39 of 1st period - Snap shot by Nino Niederreiter.
16:39 of 1st period - Stopped by James Reimer with a rebound.
16:53 of 1st period - Wrist shot by Ryan O'Reilly.
16:53 of 1st period - Stopped by Jonathan Bernier with a rebound.
17:16 of 1st period - Icing by Nino Niederreiter.
17:17 of 1st period - Derek Stepan wins face-off versus Frederik Gauthier in Jets zone.
18:13 of 1st period - Slapshot by Michael Matheson.
18:13 of 1st period - Stopped by James Reimer without a rebound.
18:14 of 1st period - Derek Stepan wins face-off versus Ryan O'Reilly in Oilers zone.
18:40 of 1st period - Taylor Hall is hit by Marco Scandella and loses puck.
19:28 of 1st period - Slapshot by Nino Niederreiter.
19:28 of 1st period - Deflect By Marcus Johansson.
19:28 of 1st period - Stopped by James Reimer without a rebound.
19:29 of 1st period - Connor McDavid wins face-off versus Derek Stepan in Oilers zone.
19:52 of 1st period - Minor Penalty to Darnell Nurse for Hooking.
19:53 of 1st period - Adam Henrique wins face-off versus Taylor Hall in Oilers zone.
Goals for this period are 0 for Jets vs 0 for Oilers.
Shots for this period are 12 for Jets vs 6 for Oilers.

2nd period


0:01 of 2nd period - Taylor Hall wins face-off versus Ryan Johansen in neutral zone.
0:06 of 2nd period - Slapshot by Rasmus Ristolainen.
0:06 of 2nd period - Shot Misses the Net.
0:36 of 2nd period - Slapshot by Troy Stetcher.
0:36 of 2nd period - Shot Blocked by Taylor Hall.
1:01 of 2nd period - Icing by Nikolaj Ehlers.
1:02 of 2nd period - Ryan O'Reilly wins face-off versus Ryan Johansen in Jets zone.
1:29 of 2nd period - Jordan Eberle is hit by Adam Henrique.
1:52 of 2nd period - Penalty to Darnell Nurse is over, Darnell Nurse is back on ice.
2:06 of 2nd period - Snap shot by Yanni Gourde.
2:06 of 2nd period - Stopped by Jonathan Bernier without a rebound.
2:07 of 2nd period - Derek Stepan wins face-off versus Connor McDavid in Jets zone.
2:18 of 2nd period - Snap shot by Pavel Buchnevich.
2:18 of 2nd period - Shot Misses the Net.
2:20 of 2nd period - Snap shot by Darnell Nurse.
2:20 of 2nd period - Stopped by Jonathan Bernier without a rebound.
2:21 of 2nd period - Taylor Hall wins face-off versus Marcus Johansson in Jets zone.
2:26 of 2nd period - Wrist shot by Taylor Hall.
2:26 of 2nd period - Stopped by Jonathan Bernier with a rebound.
2:34 of 2nd period - Jordan Eberle is hit by Marco Scandella and loses puck.
2:53 of 2nd period - Backhand shot by Connor McDavid.
2:53 of 2nd period - Shot Blocked by Derek Stepan.
2:57 of 2nd period - Snap shot by Connor McDavid.
2:57 of 2nd period - Shot Misses the Net.
2:59 of 2nd period - Snap shot by Pavel Buchnevich.
2:59 of 2nd period - Shot Misses the Net.
3:39 of 2nd period - Snap shot by Ryan Johansen.
3:39 of 2nd period - Shot Blocked by Adam Larsson.
4:16 of 2nd period - Corey Perry is hit by Tobias Enstrom and loses puck.
4:35 of 2nd period - Benoit Pouliot is hit by Ryan Johansen and loses puck.
4:46 of 2nd period - Slapshot by Marcus Johansson.
4:46 of 2nd period - Stopped by James Reimer with a rebound.
5:01 of 2nd period - Wrist shot by Rasmus Ristolainen.
5:01 of 2nd period - Deflect By Alexander Radulov.
5:01 of 2nd period - Stopped by Jonathan Bernier without a rebound.
5:02 of 2nd period - Ryan O'Reilly wins face-off versus Derek Stepan in Jets zone.
5:07 of 2nd period - Wrist shot by Taylor Hall.
5:07 of 2nd period - Stopped by Jonathan Bernier with a rebound.
5:11 of 2nd period - Snap shot by Jordan Eberle.
5:11 of 2nd period - Stopped by Jonathan Bernier without a rebound.
5:12 of 2nd period - Derek Stepan wins face-off versus Ryan O'Reilly in Jets zone.
5:58 of 2nd period - Wrist shot by Ryan O'Reilly.
5:58 of 2nd period - Deflect By Taylor Hall.
5:58 of 2nd period - Deflect By Adam Henrique.
5:58 of 2nd period - Shot Blocked by Corey Perry.
5:58 of 2nd period - Puck is out of play.
5:59 of 2nd period - Ryan Johansen wins face-off versus Yanni Gourde in Jets zone.
6:04 of 2nd period - Yanni Gourde is hit by Michael Matheson and loses puck.
6:13 of 2nd period - Wrist shot by Leon Draisaitl.
6:13 of 2nd period - Stopped by Jonathan Bernier without a rebound.
6:14 of 2nd period - Pavel Buchnevich wins face-off versus Ryan Johansen in Jets zone.
6:30 of 2nd period - Slapshot by Connor McDavid.
6:30 of 2nd period - Shot Misses the Net.
6:42 of 2nd period - Wrist shot by Nino Niederreiter.
6:42 of 2nd period - Shot Misses the Net.
7:09 of 2nd period - Wrist shot by Erik Haula.
7:09 of 2nd period - Stopped by James Reimer without a rebound.
7:10 of 2nd period - Derek Stepan wins face-off versus Ryan O'Reilly in Oilers zone.
7:44 of 2nd period - Wrist shot by Ryan O'Reilly.
7:44 of 2nd period - Stopped by Jonathan Bernier with a rebound.
8:00 of 2nd period - Snap shot by Connor McDavid.
8:00 of 2nd period - Stopped by Jonathan Bernier with a rebound.
8:18 of 2nd period - Dougie Hamilton is hit by Darnell Nurse and loses puck.
8:39 of 2nd period - Michael Matheson is hit by Rasmus Ristolainen and loses puck.
9:06 of 2nd period - Wrist shot by Benoit Pouliot.
9:06 of 2nd period - Shot Misses the Net.
9:08 of 2nd period - Wrist shot by Benoit Pouliot.
9:08 of 2nd period - Shot Misses the Net.
9:39 of 2nd period - Minor Penalty to Adam Larsson for Cross-checking.
9:40 of 2nd period - Adam Henrique wins face-off versus Taylor Hall in Oilers zone.
9:41 of 2nd period - Wrist shot by Ryan Johansen.
9:41 of 2nd period - Shot Blocked by Shea Weber.
9:49 of 2nd period - Snap shot by Adam Henrique.
9:49 of 2nd period - Shot Misses the Net.
11:39 of 2nd period - Penalty to Adam Larsson is over, Adam Larsson is back on ice.
11:44 of 2nd period - Snap shot by Oscar Klefbom.
11:44 of 2nd period - Shot Blocked by Ronalds Kenins.
11:46 of 2nd period - Backhand shot by Shea Weber.
11:46 of 2nd period - Stopped by Jonathan Bernier with a rebound.
11:48 of 2nd period - Snap shot by Kasperi Kapanen.
11:48 of 2nd period - Deflect By Frederik Gauthier.
11:48 of 2nd period - Stopped by Jonathan Bernier with a rebound.
11:50 of 2nd period - Snap shot by Kasperi Kapanen.
11:50 of 2nd period - Shot Blocked by Erik Haula.
11:52 of 2nd period - Slapshot by Anton Slepyshev.
11:52 of 2nd period - Shot Misses the Net.
11:54 of 2nd period - Slapshot by Kasperi Kapanen.
11:54 of 2nd period - Goal by Kasperi Kapanen - Jets : 0 - Oilers : 1.
11:55 of 2nd period - Ryan O'Reilly wins face-off versus Ryan Johansen in neutral zone.
12:16 of 2nd period - Icing by Michael Matheson.
12:17 of 2nd period - Derek Stepan wins face-off versus Connor McDavid in Jets zone.
12:34 of 2nd period - Minor Penalty to Connor McDavid for Hooking.
12:35 of 2nd period - Taylor Hall wins face-off versus Ryan Johansen in Oilers zone.
13:55 of 2nd period - Marco Scandella is hit by Nail Yakupov and loses puck.
14:34 of 2nd period - Penalty to Connor McDavid is over, Connor McDavid is back on ice.
15:07 of 2nd period - Alexander Radulov is hit by Kasperi Kapanen and loses puck.
15:22 of 2nd period - Olli Maatta is hit by Rasmus Ristolainen and loses puck.
15:35 of 2nd period - Michael Matheson is hit by Nail Yakupov and loses puck.
17:07 of 2nd period - Snap shot by Leon Draisaitl.
17:07 of 2nd period - Stopped by Jonathan Bernier with a rebound.
17:09 of 2nd period - Slapshot by Shea Weber.
17:09 of 2nd period - Stopped by Jonathan Bernier with a rebound.
17:11 of 2nd period - Snap shot by Nail Yakupov.
17:11 of 2nd period - Goal by Nail Yakupov - Jets : 0 - Oilers : 2.
17:12 of 2nd period - Derek Stepan wins face-off versus Ryan O'Reilly in neutral zone.
17:26 of 2nd period - Darnell Nurse is hit by Adam Henrique and loses puck.
17:48 of 2nd period - Snap shot by Erik Haula.
17:48 of 2nd period - Stopped by James Reimer without a rebound.
17:49 of 2nd period - Ryan O'Reilly wins face-off versus Derek Stepan in Oilers zone.
18:44 of 2nd period - Darnell Nurse is hit by Troy Stetcher and loses puck.
18:51 of 2nd period - Snap shot by Alexander Radulov.
18:51 of 2nd period - Shot Misses the Net.
19:44 of 2nd period - Slapshot by Nino Niederreiter.
19:44 of 2nd period - Stopped by James Reimer without a rebound.
19:45 of 2nd period - Ryan Johansen wins face-off versus Yanni Gourde in Oilers zone.
19:48 of 2nd period - Slapshot by Nino Niederreiter.
19:48 of 2nd period - Goal by Nino Niederreiter - Jets : 1 - Oilers : 2.
19:49 of 2nd period - Jordan Eberle wins face-off versus Corey Perry in neutral zone.
Goals for this period are 1 for Jets vs 2 for Oilers.
Shots for this period are 5 for Jets vs 15 for Oilers.

3rd period


0:01 of 3rd period - Ryan O'Reilly wins face-off versus Derek Stepan in neutral zone.
0:10 of 3rd period - Wrist shot by Taylor Hall.
0:10 of 3rd period - Shot Misses the Net.
0:41 of 3rd period - Nino Niederreiter is hit by Pavel Buchnevich and loses puck.
0:58 of 3rd period - Snap shot by Dougie Hamilton.
0:58 of 3rd period - Stopped by James Reimer with a rebound.
1:00 of 3rd period - Slapshot by Dougie Hamilton.
1:00 of 3rd period - Shot Misses the Net.
1:02 of 3rd period - Wrist shot by Alexander Radulov.
1:02 of 3rd period - Stopped by James Reimer with a rebound.
1:04 of 3rd period - Snap shot by Erik Haula.
1:04 of 3rd period - Stopped by James Reimer with a rebound.
1:10 of 3rd period - Minor Penalty to Leon Draisaitl for Tripping.
1:11 of 3rd period - Taylor Hall wins face-off versus Ryan Johansen in Oilers zone.
1:29 of 3rd period - Taylor Hall is hit by Dougie Hamilton and loses puck.
3:10 of 3rd period - Penalty to Leon Draisaitl is over, Leon Draisaitl is back on ice.
4:23 of 3rd period - Michael Matheson is hit by Pavel Buchnevich and loses puck.
4:37 of 3rd period - Icing by Corey Perry.
4:38 of 3rd period - Yanni Gourde wins face-off versus Derek Stepan in Jets zone.
5:09 of 3rd period - Snap shot by Nino Niederreiter.
5:09 of 3rd period - Shot Blocked by Shea Weber.
5:56 of 3rd period - Snap shot by Marco Scandella.
5:56 of 3rd period - Stopped by James Reimer with a rebound.
6:08 of 3rd period - Snap shot by Benoit Pouliot.
6:08 of 3rd period - Shot Misses the Net.
6:10 of 3rd period - Slapshot by Pavel Buchnevich.
6:10 of 3rd period - Shot Misses the Net.
6:12 of 3rd period - Snap shot by Connor McDavid.
6:12 of 3rd period - Shot Misses the Net.
6:24 of 3rd period - Wrist shot by Ryan O'Reilly.
6:24 of 3rd period - Shot Misses the Net.
6:26 of 3rd period - Wrist shot by Taylor Hall.
6:26 of 3rd period - Shot Misses the Net.
6:28 of 3rd period - Snap shot by Ryan O'Reilly.
6:28 of 3rd period - Stopped by Jonathan Bernier with a rebound.
6:40 of 3rd period - Slapshot by Derek Stepan.
6:40 of 3rd period - Deflect By Corey Perry.
6:40 of 3rd period - Deflect By Nail Yakupov.
6:40 of 3rd period - Stopped by James Reimer without a rebound.
6:41 of 3rd period - Derek Stepan wins face-off versus Yanni Gourde in Oilers zone.
7:06 of 3rd period - Oscar Klefbom is hit by Ronalds Kenins.
7:22 of 3rd period - Wrist shot by Leon Draisaitl.
7:22 of 3rd period - Shot Misses the Net.
7:30 of 3rd period - Slapshot by Leon Draisaitl.
7:30 of 3rd period - Shot Misses the Net.
7:32 of 3rd period - Wrist shot by Oscar Klefbom.
7:32 of 3rd period - Shot Blocked by Ronalds Kenins.
7:34 of 3rd period - Wrist shot by Leon Draisaitl.
7:34 of 3rd period - Stopped by Jonathan Bernier with a rebound.
7:50 of 3rd period - Slapshot by Michael Matheson.
7:50 of 3rd period - Shot Blocked by Oscar Klefbom.
8:17 of 3rd period - Off-side.
8:18 of 3rd period - Derek Stepan wins face-off versus Ryan O'Reilly in neutral zone.
10:53 of 3rd period - Tobias Enstrom is hit by Jordan Martinook and loses puck.
11:02 of 3rd period - Noel Acciari is hit by Jordan Eberle.
11:12 of 3rd period - Shea Weber is hit by Michael Matheson and loses puck.
12:06 of 3rd period - Nikolaj Ehlers is hit by Adam Larsson and loses puck.
12:19 of 3rd period - Kasperi Kapanen is hit by Ronalds Kenins.
13:02 of 3rd period - Snap shot by Noel Acciari.
13:02 of 3rd period - Shot Misses the Net.
13:04 of 3rd period - Backhand shot by Troy Stetcher.
13:04 of 3rd period - Stopped by James Reimer with a rebound.
13:06 of 3rd period - Snap shot by Noel Acciari.
13:06 of 3rd period - Shot Misses the Net.
13:08 of 3rd period - Snap shot by Nikolaj Ehlers.
13:08 of 3rd period - Stopped by James Reimer without a rebound.
13:09 of 3rd period - Ryan O'Reilly wins face-off versus Derek Stepan in Oilers zone.
14:07 of 3rd period - Wrist shot by Connor McDavid.
14:07 of 3rd period - Stopped by Jonathan Bernier without a rebound.
14:08 of 3rd period - Ryan Johansen wins face-off versus Ryan O'Reilly in Jets zone.
14:44 of 3rd period - Minor Penalty to Alexander Radulov for Tripping.
14:45 of 3rd period - Ryan O'Reilly wins face-off versus Erik Haula in Jets zone.
14:48 of 3rd period - Wrist shot by Jordan Eberle.
14:48 of 3rd period - Stopped by Jonathan Bernier without a rebound.
14:49 of 3rd period - Erik Haula wins face-off versus Ryan O'Reilly in Jets zone.
15:00 of 3rd period - Slapshot by Ronalds Kenins.
15:00 of 3rd period - Stopped by James Reimer without a rebound.
15:01 of 3rd period - Erik Haula wins face-off versus Ryan O'Reilly in Oilers zone.
15:10 of 3rd period - Wrist shot by Ryan O'Reilly.
15:10 of 3rd period - Goal by Ryan O'Reilly - Jets : 1 - Oilers : 3.
15:11 of 3rd period - Ryan O'Reilly wins face-off versus Derek Stepan in neutral zone.
15:38 of 3rd period - Marcus Johansson is hit by Rasmus Ristolainen and loses puck.
15:45 of 3rd period - Nail Yakupov is hit by Marcus Johansson and loses puck.
16:26 of 3rd period - Corey Perry is hit by Taylor Hall and loses puck.
16:37 of 3rd period - Snap shot by Corey Perry.
16:37 of 3rd period - Stopped by James Reimer without a rebound.
16:38 of 3rd period - Ryan Johansen wins face-off versus Frederik Gauthier in Oilers zone.
16:47 of 3rd period - Slapshot by Dougie Hamilton.
16:47 of 3rd period - Stopped by James Reimer without a rebound.
16:48 of 3rd period - Derek Stepan wins face-off versus Yanni Gourde in Oilers zone.
16:56 of 3rd period - Minor Penalty to Yanni Gourde for Holding.
16:57 of 3rd period - Taylor Hall wins face-off versus Ryan Johansen in Oilers zone.
17:32 of 3rd period - Slapshot by Troy Stetcher.
17:32 of 3rd period - Deflect By Nino Niederreiter.
17:32 of 3rd period - Stopped by James Reimer without a rebound.
17:33 of 3rd period - Ryan Johansen wins face-off versus Ryan O'Reilly in Oilers zone.
17:38 of 3rd period - Wrist shot by Adam Henrique.
17:38 of 3rd period - Stopped by James Reimer without a rebound.
17:39 of 3rd period - Ryan Johansen wins face-off versus Taylor Hall in Oilers zone.
18:22 of 3rd period - Wrist shot by Benoit Pouliot.
18:22 of 3rd period - Deflect By Ryan O'Reilly.
18:22 of 3rd period - Stopped by Jonathan Bernier with a rebound.
18:53 of 3rd period - Troy Stetcher is hit by Anton Slepyshev and loses puck.
18:56 of 3rd period - Penalty to Yanni Gourde is over, Yanni Gourde is back on ice.
19:08 of 3rd period - Taylor Hall is hit by Troy Stetcher and loses puck.
19:17 of 3rd period - Wrist shot by Alexander Radulov.
19:17 of 3rd period - Stopped by James Reimer with a rebound.
19:34 of 3rd period - Off-side.
19:35 of 3rd period - Leon Draisaitl wins face-off versus Derek Stepan in neutral zone.
19:48 of 3rd period - Yanni Gourde is hit by Marco Scandella and loses puck.
Goals for this period are 0 for Jets vs 1 for Oilers.
Shots for this period are 13 for Jets vs 6 for Oilers.